 Dungeon Crawl Stone Soup version 0.26.1-2-gb8aa6d0cf2 (webtiles) character file.

Game seed: 16544272755256588143

3140 promet the Thaumaturge (level 9, -2/45 (47) HPs)
             Began as a Deep Elf Conjurer on Mar 5, 2021.
             Was a Priest of Yredelemnul.
             Shot with an arrow by a centaur (12 damage)
             ... on level 8 of the Dungeon.
             The game lasted 01:12:26 (10709 turns).

promet the Thaumaturge (Deep Elf Conjurer)         Turns: 10709, Time: 01:12:26

HP:   -2/45 (47)    AC: 11    Str:  7    XL:     9   Next: 61%
MP:   23/26         EV: 13    Int: 30    God:    Yredelemnul [***...]
Gold: 431           SH:  0    Dex: 13    Spells: 17/31 levels left

rFire    . . .     SeeInvis .   b - +0 arbalest
rCold    . . .     Faith    .   (shield currently unavailable)
rNeg     . . .     Spirit   .   A - +3 leather armour
rPois    .         Reflect  .   z - +1 hat
rElec    .         Harm     .   K - +2 cloak
rCorr    .         Rampage  .   (no gloves)
Will     .....                  m - +0 pair of boots
Stlth    ++........             (no amulet)
HPRegen  0.15/turn              h - +6 ring of intelligence
MPRegen  0.20/turn              p - ring of wizardry

@: lightly drained
A: no striking features
a: Renounce Religion, Recall Undead Slaves, Injury Mirror, Animate Dead


You were on level 8 of the Dungeon.
You worshipped Yredelemnul.
Yredelemnul was most pleased with you.
You visited 1 branch of the dungeon, and saw 8 of its levels.

You collected 431 gold pieces.

Inventory:

Hand Weapons
 a - a +3 long sword of freezing
 b - a +0 arbalest (weapon)
 d - a +0 club
 e - a +4 mace
 q - a +0 spear
 u - a +0 hunting sling
 F - a +0 shortbow of freezing
 G - a +2 dagger of speed
 I - a +0 glaive
 J - a +2 quarterstaff of chaos
 O - a +3 dire flail
Missiles
 c - 50 bolts (quivered ammo)
 f - 211 stones
 g - 273 arrows
 j - 16 poisoned darts
 l - 71 sling bullets
 x - 3 silver boomerangs
 D - 5 atropa-tipped darts
 H - 2 datura-tipped darts
 P - 7 boomerangs
Armour
 m - a +0 pair of boots (worn)
 w - a +1 robe
 y - a +0 cloak
 z - a +1 hat (worn)
 A - a +3 leather armour (worn)
 K - a +2 cloak (worn)
Magical Staves
 v - an uncursed staff of conjuration
Jewellery
 h - a +6 ring of intelligence (left hand)
 p - a ring of wizardry (right hand)
 s - an uncursed ring of poison resistance
 C - a +6 ring of strength {unknown}
 L - an uncursed ring of positive energy {unknown}
Scrolls
 n - 2 scrolls of fog
 o - a scroll of blinking
 r - a scroll of amnesia
 t - 2 scrolls of remove curse
 B - a scroll of fear
 E - 2 scrolls of teleportation
 N - a scroll of identify
Potions
 i - a potion of haste
 k - a potion of mutation {unknown}
 M - 2 potions of curing


   Skills:
 + Level 1.5 Fighting
 + Level 1.5(1.6) Short Blades
 + Level 0.2(0.4) Maces & Flails
 + Level 0.9(1.0) Polearms
 + Level 0.5(1.1) Staves
 + Level 1.7 Crossbows
 + Level 2.3 Armour
 + Level 4.4 Dodging
 + Level 4.3 Stealth
 * Level 11.7 Spellcasting
 + Level 8.1 Conjurations
 + Level 4.2 Invocations


You had 17 spell levels left.
You knew the following spells:

 Your Spells              Type           Power        Failure   Level
a - Magic Dart            Conj           100%         1%          1
b - Searing Ray           Conj           100%         1%          2
c - Dazzling Flash        Conj/Hex       84%          1%          3
d - Fulminant Prism       Conj/Hex       21%          3%          4
e - Iskenderun's Mystic   Conj/Tloc      42%          3%          4

Your spell library contained the following spells:

 Spells                   Type           Power        Failure   Level
 Beastly Appendage        Tmut           34%          1%          1
 Wereblood                Tmut           17%          2%          2
 Spider Form              Tmut/Pois      8%           5%          3
 Ice Form                 Ice/Tmut       17%          16%         4
 Blade Hands              Tmut           8%           41%         5


Dungeon Overview and Level Annotations

Branches:
Dungeon (8/15)             Temple (0/1) D:7
   Lair: D:8-11

Altars:
Ashenzari
Elyvilon
Kikubaaqudgha
Okawaru
Sif Muna
Yredelemnul
The Shining One

Shops:
D:4 (


Message History

You can't see any susceptible monsters within range! (Use Z to cast anyway.)
The howler monkey hoots and howls with incredible vigour!
The centaur shoots an arrow.
The arrow hits you!
* * * LOW HITPOINT WARNING * * *
You hear a shout!
You see here an arrow.
Casting: Magic Dart (safe; 1% risk of failure)
Confirm with . or Enter, or press ? or * to list all spells.
Aiming: Searing Ray (safe; 1% risk of failure)
Press: ? - help, Shift-Dir - straight line, f/p - centaur
Aim: a centaur, wielding a +0 shortbow and quivering 19 arrows (lightly wounded, 10% to evade)
The searing ray hits the centaur.
The centaur is lightly wounded. (Press . to maintain the ray.)
The searing ray hits the centaur!
The centaur is heavily wounded.
The searing ray misses the howler monkey.
The centaur shoots an arrow.
The arrow hits you!
You die...
Your body rises from the dead as a mindless zombie.

.#........#
.###......####
.# #.........#
.# #......##.#
># #|#.#####.#
.# #.#.# #.#
.###.#.# #.#
.[...#.#
#.########...
.#####.#
#.(((@..ch...
.......#
#############
.####### .# .#
.# .# ##


You could see a centaur and a howler monkey (catching breath).

Vanquished Creatures
  A sky beast (D:3)
  7 ogres
  5 centaurs
  4 bullfrogs
  A scorpion (D:7)
  A water moccasin skeleton (D:4)
  7 wights
  A howler monkey (D:8)
  2 bullfrog zombies
  A centaur zombie (D:7)
  4 hounds
  A quasit (D:8)
  A jelly (D:6)
  7 orc wizards
  6 orc priests
  Crazy Yiuf (D:7)
  Terence (D:3)
  5 worker ants
  Natasha (D:2)
  An iguana (D:4)
  A killer bee zombie (D:5)
  A worker ant zombie (D:7)
  3 gnolls (D:3)
  12 adders
  A river rat (D:8)
  2 shadow imps (D:6)
  4 white imps
  An adder zombie (D:7)
  4 worms
  2 dart slugs (D:2)
  4 leopard geckos
  22 orcs
  5 giant cockroaches
  7 goblins
  10 hobgoblins
  8 jackals
  2 quokkas
  A ball python skeleton (D:5)
  6 bats
  5 frilled lizards
  A jackal zombie (D:5)
  4 kobolds
  2 leopard gecko skeletons
  8 rats
174 creatures vanquished.

Vanquished Creatures (collateral kills)
  A bullfrog (D:6)
  A wyvern skeleton (D:8)
  A jelly (D:6)
  An orc wizard (D:5)
  An iguana (D:5)
  A hell rat (D:8)
  A hound zombie (D:5)
  A kobold (D:3)
8 creatures vanquished.

Vanquished Creatures (others)
  A wight (D:8)
  A bat zombie (D:3)
  3 adder zombies
  A bullfrog zombie (D:7)
  A centaur zombie (D:6)
  A goblin zombie (D:3)
  A hell rat zombie (D:8)
  A hound zombie (D:5)
  An ogre zombie (D:6)
  5 orc zombies
  A quokka zombie (D:6)
  A rat zombie (D:8)
  A worker ant zombie (D:5)
19 creatures vanquished.

Grand Total: 201 creatures vanquished

Notes
Turn   | Place    | Note
-------+----------+-------------------------------------------
     0 | D:1      | promet the Deep Elf Conjurer began the quest for the Orb.
     0 | D:1      | Reached XP level 1. HP: 10/10 MP: 6/6
   176 | D:1      | Reached XP level 2. HP: 10/15 MP: 2/8
   670 | D:1      | Reached skill level 5 in Conjurations
  1191 | D:2      | Found a basalt altar of Yredelemnul.
  1191 | D:2      | Found an ancient bone altar of Kikubaaqudgha.
  1192 | D:2      | Found a white marble altar of Elyvilon.
  1202 | D:2      | Became a worshipper of Yredelemnul the Dark
  1230 | D:2      | Reached XP level 3. HP: 19/19 MP: 6/10
  1323 | D:2      | Learned a level 2 spell: Searing Ray
  1348 | D:2      | Reached skill level 4 in Spellcasting
  1530 | D:2      | Found a glowing golden altar of the Shining One.
  1643 | D:2      | Reached XP level 4. HP: 24/24 MP: 7/12
  1877 | D:2      | Reached * piety under Yredelemnul
  1926 | D:2      | Noticed Natasha
  1932 | D:2      | Killed Natasha
  2140 | D:2      | Reached XP level 5. HP: 15/28 MP: 10/14
  2610 | D:3      | Noticed a sky beast
  2623 | D:3      | Killed a sky beast
  2624 | D:3      | Reached skill level 5 in Spellcasting
  2822 | D:3      | Reached XP level 6. HP: 33/33 MP: 13/16
  2967 | D:3      | Reached skill level 6 in Spellcasting
  3087 | D:3      | Noticed Terence
  3092 | D:3      | Killed Terence
  3105 | D:3      | Learned a level 3 spell: Dazzling Flash
  3589 | D:3      | Reached ** piety under Yredelemnul
  3930 | D:4      | Reached skill level 7 in Spellcasting
  3936 | D:4      | Reached XP level 7. HP: 14/37 MP: 4/19
  4160 | D:4      | Reached skill level 1 in Invocations
  4248 | D:4      | Reached skill level 1 in Short Blades
  4308 | D:4      | Found Etiffocki's Weapon Shop.
  4375 | D:4      | Reached skill level 8 in Spellcasting
  4894 | D:4      | HP: 1/37 [orc priest/divine providence (13)]
  5496 | D:5      | Entered Level 5 of the Dungeon
  5547 | D:5      | Reached XP level 8. HP: 42/42 MP: 15/22
  5612 | D:5      | Reached skill level 9 in Spellcasting
  5893 | D:5      | Found a broken altar of Ashenzari.
  6672 | D:6      | Reached *** piety under Yredelemnul
  6684 | D:6      | Reached skill level 1 in Fighting
  7060 | D:6      | Reached skill level 1 in Armour
  7087 | D:6      | Reached skill level 10 in Spellcasting
  7675 | D:6      | You fall into a shaft and drop 1 floor!
  7996 | D:7      | Reached XP level 9. HP: 20/47 MP: 18/25
  8480 | D:7      | Reached skill level 11 in Spellcasting
  8851 | D:7      | Found a staircase to the Ecumenical Temple.
  8879 | D:7      | Reached skill level 1 in Crossbows
  9303 | D:7      | Found a runed translucent door.
  9304 | D:7      | Noticed Crazy Yiuf
  9310 | D:7      | Killed Crazy Yiuf
  9501 | D:8      | Noticed a death yak
  9508 | D:8      | Noticed a two-headed ogre
  9827 | D:8      | Learned a level 4 spell: Fulminant Prism
  9832 | D:8      | Learned a level 4 spell: Iskenderun's Mystic Blast
  9974 | D:8      | Received a gift from Yredelemnul (a wight)
  9984 | D:8      | Found an iron altar of Okawaru.
 10027 | D:8      | Found a shimmering blue altar of Sif Muna.
 10168 | D:8      | Noticed a death yak
 10709 | D:8      | Shot with an arrow by a centaur

Illustrated notes

Levels and vault maps discovered:
D:1:      tarquinn_simple_flora_water_d, layout_rooms,
          minmay_misc_feat_secret_circle
D:2:      layout_basic, nicolae_overflow_quartered_altars, uniq_natasha
D:3:      cheibrodos_thug_alley, layout_loops_ring, uniq_terence
D:4:      layout_rooms, serial_shops, shop
D:5:      layout_loops_ring, basic_altar
D:6:      layout_rooms, hangedman_minor_gate_pass
D:7:      layout_basic, minmay_temple_entry_antechambers,
          uniq_crazy_yiuf_cottage
D:8:      layout_basic, okawaru_humans, lemuel_crystal_altar,
          dpeg_lair_monsters, fedhas_altar_decomposition

Skill      XL: |  1  2  3  4  5  6  7  8  9 |
---------------+----------------------------+-----
Conjurations   | 5 6 7 8 |  8.1
Spellcasting   | 4 5 7 8 10 11 | 11.7
Stealth        | 3 4 |  4.3
Dodging        | 3 4 |  4.4
Invocations    | 1 3 4 |  4.2
Short Blades   | 1 |  1.5
Fighting       | 1 |  1.5
Armour         | 1 2 |  2.3
Crossbows      | 1 |  1.7
Maces & Flails | |  0.2
Polearms       | |  0.9
Staves         | |  0.5

Action                   |  1- 3 |  4- 6 |  7- 9 || total
-------------------------+-------+-------+-------++-------
Melee: Mace              |    18 |       |       ||    18
       Short sword       |     3 |    23 |       ||    26
       Staff             |       |       |    41 ||    41
       Dagger            |       |       |    13 ||    13
       Spear             |       |       |     4 ||     4
       Long sword        |       |       |    10 ||    10
       Glaive            |       |       |     7 ||     7
       Dire flail        |       |       |     2 ||     2
       Club              |       |       |     1 ||     1
 Fire: Arbalest          |       |       |    17 ||    17
Throw: Stone             |       |       |     2 ||     2
 Cast: Magic Dart        |    48 |    38 |   114 ||   200
       Searing Ray       |     4 |    25 |    57 ||    86
       Dazzling Flash    |       |       |     5 ||     5
Invok: Animate Remains   |       |     2 |     8 ||    10
       Animate Dead      |       |       |    11 ||    11
       Recall Undead Sla |       |       |     1 ||     1
  Use: Scroll            |     7 |     3 |     8 ||    18
       Potion            |     2 |     1 |     3 ||     6
 Stab: Sleeping          |       |     1 |     1 ||     2
Armor: Robe              |    15 |     4 |    10 ||    29
       Leather armour    |       |       |    27 ||    27
Dodge: Dodged            |    29 |    43 |   112 ||   184
       Rpst.: Long sword |       |       |     3 ||     3
